 Dungeon Crawl Stone Soup version 0.26-a0-20-g5f92b90fa0 (webtiles) character file.

Game seed: 12468810505463962811, levelgen mode: deterministic

70040 tilp the Sharpshooter (level 15, -3/97 HPs)
             Began as a Kobold Arcane Marksman on May 25, 2020.
             Was the Champion of Okawaru.
             Slain by Sonja
             ... wielding a +1 short sword of distortion
              (15 damage)
             ... on level 2 of the Orcish Mines.
             The game lasted 01:16:33 (36371 turns).

tilp the Sharpshooter (Kobold Arcane Marksman)     Turns: 36371, Time: 01:16:33

Health: -3/97      AC: 18    Str: 12    XL:     15   Next: 76%
Magic:  33/33      EV:  9    Int: 16    God:    Okawaru [******]
Gold:   2182       SH:  0    Dex: 18    Spells: 15/16 levels left

rFire    + + +     SeeInvis .   a - +3 arbalest (flame)
rCold    . . .     Gourm    .   (shield currently unavailable)
rNeg     + . .     Faith    +   s - +2 plate armour of Trial and Error {rF++}
rPois    .         Spirit   .   k - +0 helmet
rElec    +         Reflect  .   N - +0 cloak {rCorr}
rCorr    +         Harm     .   K - +3 pair of gauntlets of War {Slay+5}
MR       ++...                  (no boots)
Stlth    ++........             m - amulet of faith
HPRegen  0.26/turn              P - ring "Loqisi" {rElec rF+ MP+9 Dex+2}
MPRegen  0.23/turn              h - ring of the Eagle {rN+ MR+ Stlth+}

@: about to teleport, slowed, very slow
A: small, carnivore
a: Heroism, Finesse, Renounce Religion


You were on level 2 of the Orcish Mines.
You worshipped Okawaru.
Okawaru was exalted by your worship.
You were completely stuffed.

You visited 3 branches of the dungeon, and saw 19 of its levels.
You also visited: Ice Cave.

You collected 2757 gold pieces.
You spent 575 gold pieces at shops.

Inventory:

Hand Weapons
 a - a +3 arbalest of flaming (weapon)
 b - the +7 flail of Painful Death {pain, Dex+4}
   (You found it on level 9 of the Dungeon)

   In the hands of one skilled in necromantic magic, it inflicts extra damage on
   living creatures.
   It affects your dexterity (+4).
 g - a +2 arbalest of freezing
 V - a +1 morningstar of protection
 X - a +3 triple crossbow of freezing
Missiles
 x - 2 curare-tipped darts
 B - 333 bolts (quivered)
Armour
 k - a +0 helmet (worn)
 q - a scarf of resistance
 s - the +2 plate armour of Trial and Error (worn) {rF++}
   (You found it on level 6 of the Lair of Beasts)

   It greatly protects you from fire.
 E - a +2 pair of gloves of archery
 K - the +3 pair of gauntlets of War (worn) {Slay+5}
   (Okawaru gifted it to you on level 2 of the Orcish Mines)

   It affects your accuracy and damage with ranged weapons and melee attacks
   (+5).
 N - a +0 cloak of preservation (worn)
 W - the +3 ring mail "Guklaodi" {rF++ rC+ MP+9 Str-5}
   (You found it on level 3 of the Lair of Beasts)

   It affects your strength (-5).
   It greatly protects you from fire.
   It protects you from cold.
   It affects your magic capacity (+9).
Jewellery
 h - the ring of the Eagle (right hand) {rN+ MR+ Stlth+}
   (You found it on level 3 of the Lair of Beasts)

   [ring of stealth]

   It protects you from negative energy.
   It affects your resistance to hostile enchantments.
   It makes you more stealthy.
 j - a +4 ring of evasion
 m - an amulet of faith (around neck)
 H - an uncursed ring of see invisible
 P - the ring "Loqisi" (left hand) {rElec rF+ MP+9 Dex+2}
   (You found it on level 11 of the Dungeon)

   [ring of protection from fire]

   It affects your dexterity (+2).
   It protects you from fire.
   It insulates you from electricity.
   It affects your magic capacity (+9).
 R - the ring "Osiaplan" {rCorr Int+4 Dex+2}
   (You found it on level 11 of the Dungeon)

   [ring of resist corrosion]

   It affects your intelligence (+4).
   It affects your dexterity (+2).
   It provides partial protection from all sources of acid and corrosion.
 S - a +4 ring of evasion
Wands
 C - a wand of flame (11)
 Q - a wand of acid (27)
 U - a wand of iceblast (10)
Scrolls
 d - a scroll of noise {unknown}
 e - a scroll of vulnerability {unknown}
 u - a scroll of silence {unknown}
 w - a scroll of enchant weapon
 y - a scroll of magic mapping
 A - 11 scrolls of remove curse
 I - a scroll of immolation {unknown}
 M - a scroll of teleportation
Potions
 f - 7 potions of flight
 i - 3 potions of heal wounds
 l - a potion of haste
 o - 2 potions of might
 p - a potion of magic {unknown}
 r - 3 potions of cancellation
 t - a potion of stabbing
 v - a potion of ambrosia {unknown}
 z - a potion of invisibility {unknown}
 D - 2 potions of curing
 F - 3 potions of mutation
 G - 2 potions of lignification
Miscellaneous
 n - a phial of floods
 L - a lightning rod (4/4)
 O - a box of beasts
 T - a tin of tremorstones (3/3)
 Z - a phial of floods
Comestibles
 c - 35 rations
 J - 14 chunks of flesh


   Skills:
 + Level 12.4 Fighting
 - Level 4.0 Maces & Flails
 - Level 18.0 Crossbows
 + Level 12.5 Dodging
 - Level 12.0 Stealth
 - Level 1.1 Spellcasting
 - Level 3.0 Hexes
 - Level 12.0 Invocations
 - Level 4.0 Evocations


You had 15 spell levels left.
You knew the following spells:

 Your Spells              Type           Power        Failure   Level  Hunger
a - Corona                Hex            ##.....      100%        1    ##.....

Your spell library contained the following spells:

 Spells                   Type           Power        Failure   Level  Hunger
 Animate Skeleton         Necr           N/A          100%        1    ##.....
 Apportation              Tloc           #.....       100%        1    ##.....
 Beastly Appendage        Tmut           #.....       100%        1    ##.....
 Foxfire                  Conj/Fire      #...         100%        1    ##.....
 Sandblast                Erth           #.....       100%        1    ##.....
 Summon Small Mammal      Summ           #...         100%        1    ##.....
 Passwall                 Tmut/Erth      #.......     100%        2    ###....
 Slow                     Hex            ##......     100%        2    ###....
 Conjure Flame            Conj/Fire      #.......     100%        3    ####...
 Ignite Poison            Fire/Tmut/Pois #.......     100%        3    ####...
 Inner Flame              Hex/Fire       #.......     100%        3    ####...
 Portal Projectile        Hex/Tloc       #.....       100%        3    ####...
 Stone Arrow              Conj/Erth      #.....       100%        3    ####...
 Cause Fear               Hex            ##........   100%        4    #####..
 Leda's Liquefaction      Hex/Erth       #.........   100%        4    #####..
 Petrify                  Tmut/Erth      #.......     100%        4    #####..
 Sticky Flame             Conj/Fire      #.......     100%        4    #####..
 Blade Hands              Tmut           #.........   100%        5    ######.
 Fireball                 Conj/Fire      #.........   100%        5    ######.
 Irradiate                Conj/Tmut      #.........   100%        5    ######.
 Lee's Rapid Deconstruct  Erth           #.........   100%        5    ######.


Dungeon Overview and Level Annotations

Branches:
Dungeon (11/15)            Temple (0/1) D:7            Lair (6/6) D:10
  Swamp (0/4) Lair:3        Snake (0/4) Lair:3        Slime (0/5) Lair:5
    Orc (2/2) D:11            Elf (0/3) Orc:2         IceCv (visited)

Altars:
Ashenzari
Cheibriados
Dithmenos
Elyvilon
Fedhas
Okawaru
Qazlal
Ru
Trog
Uskayaw
Vehumet
Wu Jian
Yredelemnul
The Shining One
Beogh

Shops:
D:7 *   D:10 *   Orc:1 %!}*   Orc:2 ::

Annotations:
Lair:3 3 runed translucent doors, dig vault, exclusion: 3 oklob plants, kaycho's ghost, journeyman DrMo
Orc:2 exclusions: 2 doors and 1 more exclusion, Sonja


Innate Abilities, Weirdness & Mutations

You are small and have problems with some larger weapons.
You are carnivorous and can eat meat at any time.


Message History

You feel better.
Sonja throws a curare-tipped dart.
The curare-tipped dart hits you.
You are poisoned.
You have difficulty breathing.
* * * LOW HITPOINT WARNING * * *
You feel as though you will be slow longer.
Sonja throws a curare-tipped dart.
The curare-tipped dart hits you.
You are more poisoned.
You have difficulty breathing.
* * * LOW HITPOINT WARNING * * *
You feel as though you will be slow longer.
The ogre barely misses you.
Unknown command.
You feel better.
Sonja hits you with a +1 short sword of distortion.
* * * LOW HITPOINT WARNING * * *
Space bends around you.
* * * LOW HITPOINT WARNING * * *
Sonja hits you but does no damage. Space warps horribly around you!
You die...

.......###.#####....#.#..##......
.........### #########.........
..........# ####### #..#####..
.....#.#.≈#####≈≈≈§§############.
........§≈#§≈≈≈≈≈§§≈≈≈≈≈##≈≈≈# ##
.......§≈≈##≈≈§≈≈≈≈§...##...≈ ###
.......§§≈≈###8.≈≈≈....+..8###≈##
.......≈≈###.....K..(8.#...._#≈≈#
#.....≈≈≈#...§§.@O.oo.(([....#.≈#
......≈§##..§≈≈...≈≈≈.(#{....8.≈#
......§§#∩.#####..≈#####(O.....##
......≈≈##..≈≈≈...§#####(.o(..##
.....#≈≈≈#..§....)≈#≈§§...o..##
..##.§##≈###....).≈#......o.##
..##.≈##≈§≈####)..≈#8...≈≈.(#
......≈≈≈§≈§≈≈)...≈#...##≈K)#
.........§)§.)....≈#... #§..'


You could see Sonja (fast), an ogre and 2 orc wizards.

Vanquished Creatures
  Gastronok (D:10)
  A frost giant (IceCv)
  3 hydras
  6 death yaks
  2 ogre magi (Orc:2)
  5 two-headed ogres
  A necromancer (Lair:2)
  6 orc sorcerers (Orc:2)
  An oklob plant (Lair:3)
  A manticore (Lair:3)
  The ghost of kae the Frost Mage, a novice HuIE (D:5)
  A cyclops (D:11)
  4 black mambas
  7 elephants
  2 ice statues (IceCv)
  20 spiny frogs
  3 rime drakes
  A centaur skeleton (D:11)
  14 komodo dragons
  A tengu conjurer (D:9)
  3 hornets
  A queen bee (Lair:3)
  4 trolls
  16 polar bears
  5 tyrant leeches (Lair:6)
  23 blink frogs
  2 slime creatures (Lair:5)
  The ghost of Unprinted the Vandal, an amateur HaHu (D:3)
  7 hippogriffs
  Sigmund (D:6)
  57 yaks
  4 wyverns
  A steam dragon (D:10)
  A hungry ghost (D:9)
  3 basilisks
  7 nagas (Lair:3)
  6 vampire mosquitoes
  4 wargs
  2 soldier ants (D:8)
  6 porcupines
  14 water moccasins
  10 orc warriors
  5 ice beasts
  2 sky beasts
  A hornet zombie (D:9)
  2 black bears (Lair:4)
  An eye of draining (D:10)
  13 wolves
  2 phantoms (D:9)
  4 centaurs
  8 ogres
  17 crocodiles
  4 big kobolds
  29 bullfrogs
  A water moccasin zombie (D:10)
  2 scorpions
  A wyvern skeleton (D:6)
  38 killer bees
  5 wights (D:10)
  3 howler monkeys
  2 electric eels (Lair:6)
  A crimson imp (D:7)
  3 bullfrog zombies (D:5)
  3 centaur zombies
  4 jellies
  2 quasits
  11 orc priests
  3 bullfrog skeletons
  6 hounds
  19 orc wizards
  An iron imp (D:9)
  3 iguanas
  A hell rat (Lair:3)
  8 worker ants
  6 polar bear simulacra (Lair:2)
  A yak simulacrum (Lair:2)
  2 wolf simulacra (Lair:2)
  A killer bee zombie (D:5)
  2 hound zombies
  2 hound skeletons
  2 howler monkey zombies
  2 worker ant zombies
  3 howler monkey skeletons
  Robin (D:4)
  6 gnolls
  14 adders
  2 shadow imps
  2 oozes
  4 adder zombies (D:5)
  3 adder skeletons
  4 worms
  2 dart slugs
  9 leopard geckos
  73 orcs
  4 bats
  5 giant cockroaches
  9 hobgoblins
  9 jackals
  25 kobolds
  3 quokkas
  A ball python (D:2)
  3 frilled lizards
  A giant cockroach zombie (D:5)
  21 goblins
  A jackal skeleton (D:5)
  A jackal zombie (D:5)
  A leopard gecko skeleton (D:4)
  2 leopard gecko zombies (D:5)
  A quokka skeleton (D:5)
  A quokka zombie (D:5)
  6 rats
  2 river rat simulacra (Lair:2)
  A fungus (Lair:5)
  A plant (Lair:2)
703 creatures vanquished.

Vanquished Creatures (others)
  An ugly thing (D:11)
  16 fungi
  57 plants
  A withered plant (D:5)
75 creatures vanquished.

Grand Total: 778 creatures vanquished

Notes
Turn   | Place    | Note
-------+----------+-------------------------------------------
     0 | D:1      | tilp the Kobold Arcane Marksman began the quest for the
                  | Orb.
     0 | D:1      | Reached XP level 1. HP: 12/12 MP: 2/2
   167 | D:1      | Reached XP level 2. HP: 17/17 MP: 3/3
  1107 | D:2      | Reached XP level 3. HP: 17/23 MP: 4/4
  1865 | D:2      | Reached XP level 4. HP: 29/29 MP: 5/5
  2222 | D:3      | Reached skill level 3 in Crossbows
  2566 | D:3      | Reached XP level 5. HP: 31/33 MP: 6/6
  2610 | D:3      | Reached skill level 4 in Crossbows
  3372 | D:3      | Found a runed translucent door.
  3372 | D:3      | Noticed Unprinted's ghost (amateur HaHu)
  3504 | D:3      | Found an iron altar of Okawaru.
  3512 | D:3      | Became a worshipper of Warmaster Okawaru
  3751 | D:4      | Reached skill level 5 in Crossbows
  3892 | D:4      | Reached XP level 6. HP: 38/38 MP: 7/7
  4024 | D:4      | Reached skill level 6 in Crossbows
  4756 | D:4      | Reached skill level 1 in Stealth
  4775 | D:4      | Found a stormy altar of Qazlal.
  4778 | D:4      | Found a blossoming altar of Fedhas.
  4920 | D:4      | Noticed Robin
  4923 | D:4      | Killed Robin
  5095 | D:4      | Found a white marble altar of Elyvilon.
  5227 | D:4      | Reached skill level 1 in Invocations
  5271 | D:4      | Reached XP level 7. HP: 44/44 MP: 8/8
  5450 | D:5      | Entered Level 5 of the Dungeon
  5478 | D:5      | Reached * piety under Okawaru
  6282 | D:5      | Found a shattered altar of Ashenzari.
  6293 | D:5      | Found a runed translucent door.
  6383 | D:5      | Reached skill level 5 in Fighting
  6616 | D:5      | Reached XP level 8. HP: 27/49 MP: 8/10
  7414 | D:5      | Reached ** piety under Okawaru
  7440 | D:5      | Noticed kae's ghost (novice HuIE)
  8142 | D:5      | Reached skill level 5 in Dodging
  9036 | D:6      | Found a snail-covered altar of Cheibriados.
  9055 | D:6      | Reached skill level 5 in Invocations
  9114 | D:6      | HP: 1/51 [wyvern skeleton (11)]
  9116 | D:6      | Reached *** piety under Okawaru
  9116 | D:6      | Reached XP level 9. HP: 1/55 MP: 11/13
  9420 | D:6      | Noticed Sigmund
  9710 | D:6      | Found a runed translucent door.
 10569 | D:7      | You fall into a shaft and drop 3 floors!
 10569 | D:10     | Entered Level 10 of the Dungeon
 11036 | D:8      | Reached skill level 1 in Evocations
 11062 | D:8      | Noticed a two-headed ogre
 11085 | D:8      | Killed a two-headed ogre
 11085 | D:8      | Reached **** piety under Okawaru
 11085 | D:8      | Received a gift from Okawaru
 11085 | D:8      | Reached skill level 7 in Crossbows
 11266 | D:8      | Noticed a hippogriff
 11267 | D:8      | Noticed a two-headed ogre
 11322 | D:9      | Reached skill level 8 in Crossbows
 11322 | D:9      | Reached XP level 10. HP: 37/60 MP: 16/16
 11736 | D:9      | Reached skill level 9 in Crossbows
 11936 | D:8      | Received a gift from Okawaru
 12020 | D:7      | Found Etazuc's Assorted Antiques.
 12078 | D:7      | Bought a scroll of identify for 46 gold pieces
 12183 | D:7      | Reached skill level 10 in Crossbows
 12260 | D:7      | Found a glowing golden altar of the Shining One.
 12322 | D:7      | Found a staircase to the Ecumenical Temple.
 13033 | D:8      | Received a gift from Okawaru
 13042 | D:8      | Reached skill level 5 in Stealth
 13338 | D:8      | Noticed a two-headed ogre
 13357 | D:8      | Received a gift from Okawaru
 13769 | D:8      | Found a shadowy altar of Dithmenos.
 13806 | D:8      | Found an ornate altar of the Wu Jian Council.
 13875 | D:8      | Reached ***** piety under Okawaru
 14134 | D:8      | Killed a two-headed ogre
 14134 | D:8      | Received a gift from Okawaru
 14134 | D:8      | Reached XP level 11. HP: 42/67 MP: 17/17
 14402 | D:9      | Noticed a two-headed ogre
 14549 | D:9      | Received a gift from Okawaru
 15163 | D:9      | Killed a two-headed ogre
 15163 | D:9      | Received a gift from Okawaru
 15548 | D:9      | Received a gift from Okawaru
 15561 | D:9      | Got a faintly glowing flail
 15620 | D:9      | Found a sacrificial altar of Ru.
 15682 | D:9      | Found a snail-covered altar of Cheibriados.
 15794 | D:9      | Found a basalt altar of Yredelemnul.
 15801 | D:9      | Found a radiant altar of Vehumet.
 15802 | D:9      | Found a hide-covered altar of Uskayaw.
 15887 | D:9      | Identified the +7 flail of Painful Death {pain, Dex+4} (You
                  | found it on level 9 of the Dungeon)
 16012 | D:10     | Received a gift from Okawaru
 16142 | D:10     | Found Ysedoy's Assorted Antiques.
 16151 | D:10     | Bought a scroll of identify for 50 gold pieces
 16640 | D:10     | Reached skill level 10 in Dodging
 16719 | D:10     | Noticed Gastronok
 16827 | D:10     | Found a bloodstained altar of Trog.
 17186 | D:10     | Reached skill level 11 in Crossbows
 17789 | D:10     | Reached XP level 12. HP: 70/77 MP: 18/18
 18121 | D:10     | Found a staircase to the Lair.
 18293 | D:11     | Reached skill level 10 in Fighting
 18363 | D:11     | Reached skill level 12 in Crossbows
 18499 | D:11     | Found a frozen archway.
 18518 | D:11     | Got a scintillating marble ring
 18580 | IceCv    | Entered an ice cave
 18617 | IceCv    | Reached skill level 13 in Crossbows
 19240 | IceCv    | Reached skill level 14 in Crossbows
 19248 | IceCv    | Received a gift from Okawaru
 19275 | IceCv    | Received a gift from Okawaru
 19361 | IceCv    | Noticed a frost giant
 19393 | IceCv    | Killed a frost giant
 19393 | IceCv    | Received a gift from Okawaru
 19395 | IceCv    | Received a gift from Okawaru
 19395 | IceCv    | Reached skill level 15 in Crossbows
 19495 | IceCv    | Reached ****** piety under Okawaru
 19566 | IceCv    | Reached XP level 13. HP: 77/82 MP: 19/19
 20092 | D:10     | Received a gift from Okawaru
 20361 | D:11     | Received a gift from Okawaru
 20657 | D:11     | Got a flickering marble ring
 20696 | D:11     | Found a staircase to the Orcish Mines.
 20708 | D:11     | Reached skill level 16 in Crossbows
 21071 | D:8      | Received a gift from Okawaru
 21197 | Lair:1   | Entered Level 1 of the Lair of Beasts
 21378 | Lair:1   | Received a gift from Okawaru
 21513 | Lair:1   | Reached skill level 17 in Crossbows
 22365 | Lair:1   | Identified the ring "Loqisi" {rElec rF+ MP+9 Dex+2} (You
                  | found it on level 11 of the Dungeon)
 22897 | Lair:2   | Received a gift from Okawaru
 23381 | Lair:2   | Received a gift from Okawaru
 23909 | Lair:3   | Noticed an eight-headed hydra
 23916 | Lair:2   | Reached skill level 18 in Crossbows
 24277 | Lair:3   | Received a gift from Okawaru
 24277 | Lair:3   | Reached skill level 1 in Maces & Flails
 24609 | Lair:3   | Received a gift from Okawaru
 24821 | Lair:3   | Killed an eight-headed hydra
 24821 | Lair:3   | Received a gift from Okawaru
 24874 | Lair:3   | Got a polished ring mail
 24934 | Lair:3   | Reached XP level 14. HP: 88/88 MP: 20/20
 24939 | Lair:3   | Received a gift from Okawaru
 24999 | Lair:3   | Found a runed translucent gate.
 25001 | Lair:3   | Found a runed translucent gate.
 25037 | Lair:3   | Identified the +3 ring mail "Guklaodi" {rF++ rC+ MP+9
                  | Str-5} (You found it on level 3 of the Lair of Beasts)
 25067 | Lair:3   | Noticed kaycho's ghost (journeyman DrMo)
 25080 | Lair:3   | Found a runed translucent gate.
 26105 | Lair:3   | Received a gift from Okawaru
 26634 | Lair:3   | Got a fine granite ring
 26637 | Lair:3   | Identified the ring "Osiaplan" {rCorr Int+4 Dex+2} (You
                  | found it on level 11 of the Dungeon)
 26697 | Lair:3   | Found a staircase to the Swamp.
 26820 | Lair:3   | Received a gift from Okawaru
 26970 | Lair:3   | Found a staircase to the Snake Pit.
 28222 | Lair:4   | Identified the ring of the Eagle {rN+ MR+ Stlth+} (You
                  | found it on level 3 of the Lair of Beasts)
 28489 | Lair:4   | Identified the Almanac of Fiery Shape Shifting
 28722 | Lair:4   | Reached skill level 10 in Stealth
 28996 | Lair:4   | Received a gift from Okawaru
 29321 | Lair:5   | Got a smoking leather armour
 29348 | Lair:5   | Identified the cursed +1 leather armour "Tenauser" {rPois}
                  | (You found it on level 5 of the Lair of Beasts)
 29535 | Lair:5   | Found a staircase to the Slime Pits.
 29662 | Lair:5   | Received a gift from Okawaru
 30034 | Lair:6   | Entered Level 6 of the Lair of Beasts
 30326 | Lair:6   | Received a gift from Okawaru
 30598 | Lair:6   | Received a gift from Okawaru
 31232 | Lair:6   | Reached skill level 10 in Invocations
 31242 | Lair:6   | Reached XP level 15. HP: 77/95 MP: 22/22
 31401 | Lair:6   | Received a gift from Okawaru
 31574 | Lair:5   | Received a gift from Okawaru
 32486 | Lair:6   | Got a masterwork plate armour
 32926 | Lair:6   | Identified the +2 plate armour of Trial and Error {rF++}
                  | (You found it on level 6 of the Lair of Beasts)
 33262 | D:3      | Killed Unprinted's ghost
 33347 | D:5      | Killed kae's ghost
 33474 | D:6      | Killed Sigmund
 34157 | D:6      | Found a roughly hewn altar of Beogh.
 34449 | D:10     | Killed Gastronok
 34503 | D:7      | Bought a scroll labeled VABLYEDANE for 23 gold pieces
 34503 | D:7      | Bought a scroll of teleportation for 69 gold pieces
 34503 | D:7      | Bought a potion of heal wounds for 115 gold pieces
 34604 | Orc:1    | Entered Level 1 of the Orcish Mines
 34604 | Orc:1    | Found Wanwaogh's Gadget Boutique.
 34833 | Orc:1    | Found Ariul's Assorted Antiques.
 34972 | Orc:2    | Entered Level 2 of the Orcish Mines
 35233 | Orc:1    | Found Gijess's Food Shop.
 35325 | Orc:1    | Found Nadd's Distillery.
 35329 | Orc:1    | Bought a potion of haste for 160 gold pieces
 35329 | Orc:1    | Bought a potion of lignification for 48 gold pieces
 35329 | Orc:1    | Bought a potion of stabbing for 64 gold pieces
 35664 | Orc:2    | Found a roughly hewn altar of Beogh.
 35758 | Orc:2    | Found a staircase to the Elven Halls.
 36019 | Orc:2    | Found Nadyadd's Book Boutique.
 36181 | Orc:2    | Received a gift from Okawaru
 36182 | Orc:2    | Found the +3 pair of gauntlets of War {Slay+5}
 36244 | Orc:2    | Found Hadiecw's Book Shop.
 36316 | Orc:2    | Found a radiant altar of Vehumet.
 36357 | Orc:2    | Noticed Sonja
 36371 | Orc:2    | Slain by Sonja

Illustrated notes

Levels and vault maps discovered:
D:1:      psy_arrival_basics, layout_loops_cross
D:2:      layout_basic, cheibrodos_gnoll_hut
D:3:      layout_loops_cross, okawaru_altar_gauntlet_db, gammafunk_ghost_grave
D:4:      layout_gridville, grunt_temple_overflow_forces_of_nature,
          lemuel_round_altar, first_ration, minmay_misc_feat_pillars, uniq_robin
D:5:      layout_basic, cheibrodos_ashenzari_chains, ebering_ghost_sewer_d,
          serial_undead, serial_undead_a, serial_undead_d, serial_undead_e,
          serial_undead_e, serial_undead_f, serial_undead_b, serial_undead_f,
          serial_undead_d, serial_undead_a, serial_undead_f
D:6:      lemuel_ice_spiral_2, layout_basic, basic_altar,
          kennysheep_decorative_pillar, minivault_27, lightli_church_of_beogh,
          uniq_sigmund
D:7:      layout_basic, tso_metal_star, minmay_temple_entry_antechambers,
          serial_shops, shop
D:8:      layout_rooms, grunt_dithmenos_smoke, lemuel_doored_altar,
          hangedman_pestilent_swarm
D:9:      minmay_cut_squares, layout_basic, kennysheep_mini_moat, slow_altar_2,
          minitemple
D:10:     layout_irregular_city, erik_lair_dragon, serial_shops, shop,
          minmay_misc_feat_square, trog_ov_bears_minmay, uniq_gastronok
D:11:     layout_basic, minmay_orc_entry_guard_dogs, portal_ice_cave_rime,
          lemuel_flame_loot_1
Lair:1:   layout_cave_pods, beast_lair_carwin_7
Lair:2:   layout_regular_city, eino_house_with_fridge
Lair:3:   hangedman_what_comes_after_a, layout_cave_shapes, swamp_mist,
          minmay_snake_entry_guardpost_medium, gammafunk_ghost_split,
          minmay_stone_trees_medium
Lair:4:   layout_regular_city, cheibrodos_lair_caveside_slide
Lair:5:   layout_misc_corridors, minmay_slime_entry_pillars
Lair:6:   minmay_lair_end_frog_pond, layout_loops_ring, wad_woods_river_02
Orc:1:    layout_caves, serial_shops, shop, nicolae_shop_window_shopping,
          nicolae_shop_stone, nicolae_shop_competitors_out_of_business
Orc:2:    kennysheep_orc_mage_school, layout_caves, basic_altar, uniq_sonja

Skill      XL: |  1  2  3  4  5  6  7  8  9 10 11 12 13 14 15 |
---------------+----------------------------------------------+-----
Fighting       | 2 3 4 5 6 7 9 10 11 12 | 12.4
Crossbows      | 3 5 6 8 10 11 15 18 | 18.0
Stealth        | 1 3 4 7 8 11 12 | 12.0
Invocations    | 1 2 5 8 10 12 | 12.0
Dodging        | 3 4 6 7 10 11 12 | 12.5
Evocations     | 4 |  4.0
Maces & Flails | 4 |  4.0
Spellcasting   | |  1.1
Hexes          | |  3.0

Action                   |  1- 3 |  4- 6 |  7- 9 | 10-12 | 13-15 || total
-------------------------+-------+-------+-------+-------+-------++-------
Melee: Spear             |    33 |       |   186 |       |       ||   219
       Dagger            |    52 |   221 |   263 |   267 |       ||   803
       Flail             |       |       |    55 |   134 |    61 ||   250
       Punch             |       |       |     1 |       |       ||     1
 Fire: Hand crossbow     |    21 |    39 |    98 |   247 |       ||   405
       Arbalest          |       |       |       |   171 |  1057 ||  1228
Throw: Dart              |       |       |    23 |     3 |     3 ||    29
 Cast: Corona            |     1 |       |       |       |       ||     1
Invok: Heroism           |       |       |     2 |    13 |    13 ||    28
       Finesse           |       |       |       |     1 |     3 ||     4
Evoke: Wand              |       |       |     8 |     3 |       ||    11
  Use: Scroll            |       |     7 |     4 |     5 |    22 ||    38
       Potion            |       |     1 |     2 |     1 |     5 ||     9
 Stab: Sleeping          |     3 |     1 |     4 |     4 |       ||    12
       Distracted        |       |     1 |     1 |       |       ||     2
  Eat: Chunk             |    11 |    11 |    19 |    33 |    51 ||   125
       Ration            |       |       |       |     4 |       ||     4
Armor: Robe              |     9 |    23 |     5 |       |       ||    37
       Ring mail         |       |       |   126 |    83 |    28 ||   237
       Leather armour    |       |       |     6 |       |       ||     6
       Plate armour      |       |       |       |   157 |   195 ||   352
Dodge: Dodged            |    63 |   160 |   456 |   620 |   522 ||  1821

Table legend:
 A = Non-vault XP
 B = Vault XP
 C = Vault XP percentage of total XP
 D = Non-vault monster count
 E = Vault monster count
 F = Vault count percentage of total count
                 A         B        C        D         E       F
            +---------+---------+-------+---------+---------+-------
      Total |   50622 |   49436 |  49.4 |     406 |     295 |  42.1
            +---------+---------+-------+---------+---------+-------
        D:1 |      14 |       0 |   0.0 |       7 |       0 |   0.0
        D:2 |      46 |      18 |  28.1 |      23 |       3 |  11.5
        D:3 |     117 |     282 |  70.7 |      23 |       7 |  23.3
        D:4 |     271 |      31 |  10.3 |      21 |      10 |  32.3
        D:5 |     777 |     825 |  51.5 |      20 |      23 |  53.5
        D:6 |     670 |     565 |  45.7 |      14 |      28 |  66.7
        D:7 |     827 |       2 |   0.2 |      28 |       1 |   3.4
        D:8 |    4132 |     904 |  18.0 |      46 |       4 |   8.0
        D:9 |    3343 |     938 |  21.9 |      21 |       7 |  25.0
       D:10 |    3511 |    3650 |  51.0 |      38 |       8 |  17.4
       D:11 |    2710 |    1261 |  31.8 |      25 |       5 |  16.7
     Lair:1 |    2347 |    2541 |  52.0 |      13 |      12 |  48.0
     Lair:2 |    3638 |    2209 |  37.8 |      14 |      23 |  62.2
     Lair:3 |    6760 |    6806 |  50.2 |      26 |      51 |  66.2
     Lair:4 |    6457 |       0 |   0.0 |      28 |       0 |   0.0
     Lair:5 |    4919 |    1696 |  25.6 |      16 |       9 |  36.0
     Lair:6 |    8369 |   12599 |  60.1 |      17 |      47 |  73.4
      Orc:1 |     540 |       0 |   0.0 |       6 |       0 |   0.0
      Orc:2 |    1174 |    5748 |  83.0 |      20 |      21 |  51.2
      IceCv |       0 |    9361 | 100.0 |       0 |      36 | 100.0
            +---------+---------+-------+---------+---------+-------
